 Dungeon Sprint DCSS version 0.29-a0-96-g93358da72b (webtiles) character file.

Game seed: 13197320927860145544

198 cyrus the Skirmisher (level 6, -5/55 HPs)
             Began as a Formicid Fighter on Feb 11, 2022.
             Slain by a wyvern (9 damage)
             ... in the Dungeon (Sprint II: "The Violet Keep of Menkaure").
             The game lasted 00:01:15 (263 turns).

cyrus the Skirmisher (Formicid Fighter)              Turns: 263, Time: 00:01:15

Health: -5/55      AC:  7    Str: 20    XL:     6   Next: 6%
Magic:  6/6        EV:  9    Int: 10    God:
Gold:   243        SH:  5    Dex: 10    Spells: 5/5 levels left

rFire   . . .      SeeInvis +   a - +0 long sword
rCold   . . .      Faith    .   c - +0 buckler
rNeg    . . .      Spirit   .   b - +0 scale mail
rPois   .          Reflect  .   (helmet unavailable)
rElec   .          Harm     .   (no cloak)
rCorr   .          Rampage  .   (no gloves)
Will    .....                   (no boots)
Stlth   ..........              (no amulet)
HPRegen 0.18/turn               (no ring)
MPRegen 0.10/turn               (no ring)

@: very slow
A: permanent stasis, dig shafts and tunnels, antennae 3, four strong arms
a: Dig


You were in the Dungeon.
You visited 1 branch You collected 243 gold pieces.

Inventory:

Hand Weapons
 a - a +0 long sword (weapon)
Armour
 b - a +0 scale mail (worn)
 c - a +0 buckler (worn)
Potions
 g - 2 potions of magic


   Skills:
 + Level 7.2 Fighting
 + Level 6.1 Long Blades
 + Level 7.1 Armour
 + Level 0.8 Dodging
 + Level 7.1 Shields


You had 5 spell levels left.
You didn't know any spells.
Your spell library was empty.

Dungeon Overview and Level Annotations

Branches:
Dungeon (1/1)

Altars:

Shops:
D :!(:=(**[:?=[![

Annotations:
D exclusion: oklob plant


Innate Abilities, Weirdness & Mutations

You cannot be hasted, slowed, berserked, paralysed or teleported.
You can dig through walls and to a lower floor.
You have a pair of large antennae on your head. (SInv)
Your four strong arms can wield two-handed weapons with a shield.


Message History

Your Armour skill increases to level 7!
Your Shields skill increases to level 7!
You have reached level 6!
There is an open door here.
You enter the shallow water.
Moving in this stuff is going to be slow.
You open the door. 2 wyverns come into view.
The wyvern hisses angrily.
You closely miss the wyvern. The wyvern bites you!
Your unstable footing causes you to fumble your attack.
The wyvern closely misses you. The wyvern bites you!
You feel better. You block the wyvern's attack. x2
You slash the wyvern!
The wyvern is heavily wounded.
You block the wyvern's attack. The wyvern closely misses you.
The wyvern bites you! The wyvern closely misses you.
Your unstable footing causes you to fumble your attack.
You feel a little less mighty now. You block the wyvern's attack.
The wyvern bites you! You block the wyvern's attack.
The wyvern bites you but does no damage.
Your unstable footing causes you to fumble your attack.
The wyvern bites you but does no damage.
The wyvern bites you.
You closely miss the wyvern.
The wyvern is heavily wounded.
The wyvern bites you but does no damage.
You block the wyvern's attack. The wyvern bites you!
* * * LOW HITPOINT WARNING * * *
The wyvern closely misses you.
You feel much better. The wyvern bites you. The wyvern bites you!
* * * LOW HITPOINT WARNING * * *
The wyvern bites you!
* * * LOW HITPOINT WARNING * * *
The wyvern barely misses you.
You slash the wyvern!
The wyvern is severely wounded.
The wyvern completely misses you. The wyvern bites you!
You die...

########≈≈#+++#+++##
##########≈≈≈...{.....#
{
#....∩.∩.#≈≈≈≈.##'##..#
#...∩.∩..#≈≈≈≈##.#.## #
#..∩.∩...#≈≈≈≈#.##..#
#.⌠.∩....#≈≈#####..##
#..∩.∩...#≈##.# #†## {
#.....∩..#≈#.# ##.## {
#....∩.∩.'@l# +.<.+
#.....∩.∩#l#.# ##.##{
▓▓▓▓▓▓▓###≈# .# #+# {
#[GG######≈≈# # #$.G#{
##≈≈≈ { #∩P$ {{ +#≈#
#[? { ≈≈# #=/ ≈≈ ++


You could see 2 shining eyes and 2 wyverns.

Vanquished Creatures
  Menkaure (D)
  A water moccasin (D)
  3 worms (D)
5 creatures vanquished.

Notes
Turn   | Place    | Note
-------+----------+-------------------------------------------
     0 | D        | cyrus the Formicid Fighter began the quest for the Orb.
     0 | D        | Reached XP level 1. HP: 18/18 MP: 1/1
    20 | D        | Reached XP level 2. HP: 10/25 MP: 2/2
   207 | D        | Noticed an electric eel
   207 | D        | Noticed an electric eel
   207 | D        | Noticed an electric eel
   207 | D        | Noticed an electric eel
   207 | D        | Noticed an electric eel
   215 | D        | Noticed an electric eel
   216 | D        | Noticed an electric eel
   216 | D        | Noticed an electric eel
   216 | D        | Noticed Menkaure
   219 | D        | Killed Menkaure
   220 | D        | Reached skill level 5 in Long Blades
   220 | D        | Reached XP level 3. HP: 35/35 MP: 3/3
   220 | D        | Reached XP level 4. HP: 41/41 MP: 4/4
   220 | D        | Reached XP level 5. HP: 47/47 MP: 5/5
   229 | D        | Found Qock's Antique Armour Shop.
   229 | D        | Found Sovyorr's Distillery.
   230 | D        | Found Daq Kesch's Book Shop.
   230 | D        | Found Raes's Magic Scroll Shop.
   231 | D        | Found Sillup's Antique Weapon Boutique.
   231 | D        | Found Yzept's General Store.
   231 | D        | Found Zeokib's Assorted Antiques.
   231 | D        | Found Nooqy's Antique Armour Shop.
   232 | D        | Found Izagomn's Antique Armour Shop.
   232 | D        | Found Dadghe's Jewellery Boutique.
   235 | D        | Found Fiehopn's Jewellery Shop.
   235 | D        | Found Xojujos's Book Boutique.
   236 | D        | Found Poutreesk's Distillery.
   236 | D        | Found Fixaosiu's Antique Weapon Shop.
   236 | D        | Noticed a shining eye
   242 | D        | Noticed a water moccasin
   244 | D        | Noticed a shining eye
   244 | D        | Noticed a shining eye
   244 | D        | Noticed an oklob plant
   245 | D        | Found Veatt's Book Shoppe.
   251 | D        | Killed a water moccasin
   252 | D        | Reached XP level 6. HP: 54/55 MP: 6/6
   254 | D        | Noticed a wyvern
   254 | D        | Noticed a wyvern
   263 | D        | Slain by a wyvern

Illustrated notes

Levels and vault maps discovered:
D:        the_violet_keep_of_menkaure [sprint2_stairs_cluster_1,
          sprint2_shoproom, sprint2_temple, sprint2_basic_supplies,
          sprint2_obstacle_4, sprint2_obstacle_5, sprint2_obstacle_7,
          sprint2_obstacle_2, sprint2_obstacle_1, sprint2_timed_cluster_1,
          sprint2_smallroom_cluster_1, sprint2_smallroom_final_cluster_1,
          sprint2_transparent_cluster_1, sprint2_second_timed_cluster_1,
          sprint2_sniper_area_1, sprint2_heavy_combat_area_1,
          sprint2_mutation_trap_area_1, sprint2_forest_area_1,
          sprint2_light_combat_area_1, sprint2_behind_water_1,
          sprint2_near_end_vault_1]

Skill      XL: |  1  2  3  4  5 |
---------------+----------------+-----
Shields        | 4 6 7 |  7.1
Fighting       | 6 7 |  7.2
Long Blades    | 5 6 |  6.1
Armour         | 6 7 |  7.1
Dodging        | |  0.8

Action                   |  1- 3 |  4- 6 || total
-------------------------+-------+-------++-------
Melee: Long sword        |    16 |    14 ||    30
  Use: Potion            |     1 |     2 ||     3
Armor: Scale mail        |     3 |     4 ||     7
Dodge: Dodged            |     3 |     8 ||    11
Block: Buckler           |     4 |     8 ||    12

Table legend: (Time is in decaauts)
 A = Elapsed time spent in this place.
 B = Non-inter-level travel time spent in this place.
 C = Inter-level travel time spent in this place.
 D = Time resting spent in this place.
 E = Time spent auto-exploring this place.
 F = Levels seen in this place.
 G = Mean time per level.
                   A        B        C        D        E       F      G
               +--------+--------+--------+--------+--------+-----+--------+
         Total |    277 |    277 |      0 |    178 |      4 |   1 |  277.0 |
       Dungeon |    277 |    277 |      0 |    178 |      4 |   1 |  277.0 |
               +--------+--------+--------+--------+--------+-----+--------+

Top non-repeatable levels by time:
       D: 277 daAuts
